Map: Zen LE

Players

KEVINHL - Winner!

  • Race: Terran Terran
  • League: Silver
  • Spawn Location: 1:00

Ratl

  • Race: Protoss Protoss
  • League: Silver
  • Spawn Location: 7:00

VOD

Have the link to the VOD?

Description

Time

  • Played on: Feb. 4, 2020, 7:27 p.m.
  • Length: 6:19
Show
View Real Time Build Order
Export as new Build Order

KEVINHL Terran - Winner!

Build Orders:  

Get SALT Encoding   

  12  0:18  Supply Depot  
  12  0:25  Supply Depot  
  12  0:32  Supply Depot  
  12  0:35  SCV  
  13  0:47  SCV  
  14  0:59  SCV  
  14  1:00  Refinery  
  15  1:12  SCV, Barracks  
  16  1:46  SCV  
  17  1:52  Refinery  
  17  1:58  SCV  
  18  2:05  Barracks Reactor  
  18  2:10  SCV, Barracks  
  19  2:22  SCV  
  20  2:32  Factory  
  20  2:34  SCV  
  21  2:46  SCV  
  22  2:58  SCV, Barracks Tech Lab  
  22  2:59  Marine x2  
  25  3:08  Supply Depot  
  25  3:11  SCV  
  26  3:17  Marine x2  
  28  3:20  Factory Tech Lab  
  28  3:22  Starport  
  28  3:24  Orbital Command  
  28  3:26  Combat Shield  
  28  3:46  Siege Tank  
  31  4:09  Marine x2  
  32  4:13  Marauder  
  32  4:16  Starport Tech Lab  
  34  4:22  Supply Depot  
  34  4:27  Marine x2, Siege Tank  
  39  4:45  Marine x2  
  41  4:49  Marauder  
  41  4:52  Supply Depot  
  43  5:15  Marine x2  
  45  5:32  Marine x2  
  47  5:39  Command Center  
  42  5:50  Marine x2  
Show
View Real Time Build Order
Export as new Build Order

Ratl Protoss 

Build Orders: Double Forge 

Get SALT Encoding   

  12  0:01  Probe  
  13  0:13  Probe  
  14  0:22  Pylon  
  14  0:25  Probe  
  15  0:40  Probe (Chrono Boost)  
  16  0:43  Gateway  
  16  0:47  Assimilator  
  16  0:52  Probe (Chrono Boost)  
  17  0:58  Probe (Chrono Boost)  
  18  1:08  Probe (Chrono Boost)  
  19  1:11  Assimilator  
  19  1:18  Probe (Chrono Boost)  
  20  1:23  Probe (Chrono Boost)  
  21  1:31  Cybernetics Core  
  21  1:35  Probe  
  22  1:47  Probe  
  22  1:49  Pylon  
  23  2:04  Warp Gate (Chrono Boost)  
  23  2:07  Probe  
  24  2:09  Adept  
  26  2:20  Probe  
  27  2:30  Nexus  
  27  2:32  Probe  
  28  2:44  Probe  
  29  2:45  Robotics Facility  
  29  2:53  Adept  
  31  3:03  Pylon  
  31  3:05  Pylon  
  31  3:21  Probe  
  32  3:33  Probe  
  33  3:45  Probe  
  33  3:47  Probe  
  35  3:50  Immortal  
  39  3:57  Probe  
  39  3:59  Probe  
  41  4:10  Gateway  
  41  4:12  Gateway  
  41  4:17  Stalker  
  43  4:28  Forge  
  43  4:29  Observer  
  44  4:32  Forge  
  44  4:40  Sentry  
  46  4:46  Probe (Chrono Boost)  
  46  4:52  Probe (Chrono Boost)  
  48  4:53  Assimilator  
  48  4:56  Probe (Chrono Boost), Observer  
  51  5:00  Probe (Chrono Boost)  
  51  5:10  Probe  
  51  5:11  Stalker x3  
  58  5:16  Probe  
  59  5:23  Probe  
  59  5:25  Assimilator  
  60  5:28  Probe  
  60  5:35  Probe  
  62  5:37  Pylon  
  60  5:43  Pylon  
  58  5:54  Stalker x3  
Tags
 
Matchup
PvT
Spawn Locations
Cross Positions
Add a new tag
Caveats
  • Supply blocks, unpowered buildings, or Contaminate may cause inaccurate times.
  • Supply counts are checked every 10 seconds.